 Dungeon Crawl Stone Soup version 0.31-a0-1499-ge0622b2318 (webtiles) character file.

Game seed: 9908923163118324357

13306 jasper the Mimic (level 10, -6/93 HPs)
             Began as a Purple Draconian Shapeshifter on Dec 29, 2023.
             Was an Elder of Ru.
             Engulfed by a cloud of flame (15 damage)
             ... on level 11 of the Dungeon.
             The game lasted 00:17:50 (12420 turns).

jasper the Mimic (Purple Draconian Shapeshifter)   Turns: 12420, Time: 00:17:50

Health: -6/93      AC:  7    Str: 21    XL:     10   Next: 73%
Magic:  9/9        EV: 12    Int: 11    God:    Ru [****..]
Gold:   176        SH:  0    Dex: 10    Spells: 9/9 levels left

rFire   . .          .
                       - Unarmed
rCold   . . .        (no shield)
rNeg    . . .        (body armour unavailable)
rPois   +            (helmet restricted)
rElec   .            (no cloak)
rCorr   +            (no gloves)
SInv    .            (no boots)
Will    +....        B - amulet of regeneration
Stlth   +            k - ring of poison resistance
HPRegen 1.15/turn    d - ring of resist corrosion
MPRegen 0.11/turn

%: no passive effects
@: maw-form
A: devouring maw, breathe power, AC +7, unfitting armour, low MP 1,
cold-blooded, inability to use devices, inexperienced 1
a: Breathe Dispelling Energy, Begin Untransformation, Renounce Religion, Draw
Out Power, Power Leap


You were on level 11 of the Dungeon.
You worshipped Ru.
Ru was greatly pleased with you.
You were a creature with a mouth for a stomach.
You visited 1 branch of the dungeon, and saw 11 of its levels.

You collected 833 gold pieces.
You spent 657 gold pieces at shops.

Inventory:

Missiles
 f - 86 stones
 m - 47 poisoned darts
 w - a throwing net
 z - 4 curare-tipped darts
Armour
 s - a -2 buckler
Jewellery
 a - an amulet of the acrobat
 d - a ring of resist corrosion (right hand)
 e - a +6 ring of intelligence
 k - a ring of poison resistance (left hand)
 y - an amulet of guardian spirit
 B - an amulet of regeneration (around neck)
Talismans
 b - a beast talisman
 c - a flux talisman
 g - a maw talisman (active)
 j - a talisman of death
Wands
 i - a wand of flame (34)
Scrolls
 p - 4 scrolls of teleportation
 t - a scroll of fog
 u - a scroll of enchant armour
 C - 3 scrolls of vulnerability
 D - a scroll of butterflies
Potions
 h - 2 potions of haste
 l - 3 potions of curing
 n - 2 potions of attraction
 o - 2 potions of degeneration
 q - 2 potions of enlightenment
 r - 2 potions of ambrosia
 x - a potion of magic {unknown}
 A - 2 potions of brilliance {unknown}


   Skills:
 - Level 10.0 Fighting
 - Level 1.7 Dodging
 - Level 10.0 Unarmed Combat
 + Level 13.1 Shapeshifting


You had 9 spell levels left.
You didn't know any spells.
Your spell library contained the following spells:

 Spells                   Type           Power      Damage    Failure   Level
 Apportation              Tloc           0%         N/A       34%         1
 Freeze                   Ice            0%         1d3       34%         1
 Kiss of Death            Conj/Necr      0%         2d5       34%         1
 Sting                    Conj/Alch      0%         1d3       34%         1
 Summon Small Mammal      Summ           0%         N/A       34%         1
 Jinxbite                 Hex            0%         N/A       47%         2
 Mercury Vapours          Alch/Air       0%         N/A       47%         2
 Call Canine Familiar     Summ           0%         N/A       71%         3
 Confusing Touch          Hex            0%         N/A       71%         3
 Dazzling Flash           Conj/Hex       0%         N/A       71%         3
 Frozen Ramparts          Ice            0%         1d1       71%         3
 Gell's Gravitas          Tloc           0%         N/A       71%         3
 Hailstorm                Conj/Ice       0%         3d5       71%         3
 Mephitic Cloud           Conj/Alch/Air  0%         N/A       71%         3
 Sigil of Binding         Hex            0%         N/A       71%         3
 Teleport Other           Tloc           0%         N/A       71%         3
 Anguish                  Hex/Necr       0%         N/A       98%         4
 Dispel Undead            Necr           0%         3d6       98%         4
 Olgreb's Toxic Radiance  Alch           0%         N/A       98%         4
 Summon Blazeheart Golem  Fire/Summ      0%         N/A       98%         4
 Alistair's Intoxication  Alch           0%         N/A       100%        5
 Curse of Agony           Necr           0%         N/A       100%        5
 Silence                  Hex/Air        0%         N/A       100%        5
 Conjure Ball Lightning   Conj/Air       0%         3x3d6     100%        6
 Dispersal                Tloc           0%         N/A       100%        6
 Discord                  Hex            0%         N/A       100%        8
 Disjunction              Tloc           0%         N/A       100%        8
 Lehudib's Crystal Spear  Conj/Erth      0%         10d2      100%        8


Dungeon Overview and Level Annotations

Branches:
Dungeon (11/15)            Temple (0/1) D:6            Lair (0/5) D:9
    Orc: D:9-12

Altars:
Ashenzari
Hepliaklqana
Kikubaaqudgha
Ru
Sif Muna
Wu Jian
Xom
Yredelemnul

Shops:
D:3 !   D:6 =[*=!

Annotations:
D:6 2 transporters


Innate Abilities, Weirdness & Mutations

You are a creature with a mouth for a stomach.
Your midsection houses a second, enormous mouth.
You can breathe bolts of dispelling energy.
Your rich purple scales are hard. (AC +7)
You cannot fit into any form of body armour.
Your magical capacity is low. (-10% MP)
You are cold-blooded and may be slowed by cold attacks.
You cannot study or use magical devices.
You are somewhat inexperienced. (-1 XL)


Message History

Your butterfly disappears in a burst of colours!
The fiery explosion engulfs your butterfly!!
Your butterfly disappears in a burst of colours!
The fiery explosion engulfs your butterfly!!
Your butterfly disappears in a burst of colours!
The fiery explosion engulfs your butterfly!
Your butterfly disappears in a burst of colours!
Your butterfly explodes! x2
The fiery explosion engulfs your butterfly!!
Your butterfly disappears in a burst of colours!
The fiery explosion engulfs your butterfly!
Your butterfly disappears in a burst of colours!
Your butterfly explodes!
The fiery explosion engulfs your butterfly!!
Your butterfly disappears in a burst of colours!
The fiery explosion engulfs your butterfly!!
Your butterfly disappears in a burst of colours!
Your butterfly explodes!
The fiery explosion engulfs your butterfly!
Your butterfly disappears in a burst of colours!
The fiery explosion engulfs your butterfly!!
Your butterfly disappears in a burst of colours!
Your butterfly explodes! x4
The fiery explosion engulfs your butterfly!
Your butterfly disappears in a burst of colours!
Your butterfly explodes!
The fiery explosion engulfs you!!!
* * * LOW HITPOINT WARNING * * *
Your butterfly explodes! x3
You're standing in a cloud of flame!
You take 85 damage, and have 8/93 hp.
MASSIVE DAMAGE!!
Okay, then.
Okay, then.
Okay, then.
Okay, then.
You feel better.
You are engulfed in blazing flames.
* * * LOW HITPOINT WARNING * * *
You take 5 damage, and have 3/93 hp.
You feel better.
You are engulfed in blazing flames.
You die...

#####............#
#....§§§§§§§.
#....§§§§§§§#
#....§§§§§§.#
#....§§§§§§§#
#....§§§§§§§#
#....§§§§§§§#
#....§§§§§§§########
##....§§§§§§§W§§§§§§§
.......§§######§§§§§§§
...#####..# §§§§§§§
#.. #..# §§§§§§§ #.
#.<# §§§§§§# .'..#
§§.§§§# #'##..#
§§§§§§# .. ..^#
§§§§§§# ## ##..#


There were no monsters in sight!

Vanquished Creatures
  Josephine (D:11)
  Lodul (D:10)
  A cyclops (D:11)
  Joseph (D:10)
  An unseen horror (D:9)
  2 kobold demonologists (D:10)
  A hornet (D:7)
  2 trolls
  A vampire (D:9)
  A wyvern (D:7)
  23 yaks
  6 wraiths
  Edmund (D:5)
  An acid dragon (D:10)
  Duvessa (D:5)
  2 water moccasins
  2 sky beasts
  An orc warrior (D:9)
  An ice beast (D:7)
  A black bear (D:8)
  9 ogres
  6 centaurs
  2 phantoms (D:4)
  8 kobold brigands
  3 bullfrogs
  A gnoll sergeant (D:6)
  A scorpion (D:6)
  16 wights
  A burial acolyte (D:6)
  Dowan (D:5)
  8 killer bees
  A hound (D:5)
  A centaur zombie (D:4)
  5 orc priests
  2 bombardier beetles
  A bullfrog zombie (D:4)
  2 jellies
  2 gnoll boudas
  3 orc wizards
  5 sleepcaps
  2 iguanas (D:5)
  5 scorpion zombies (D:4)
  A hound zombie (D:4)
  14 gnolls
  5 adders
  A ribbon worm (D:3)
  A shadow imp (D:8)
  A white imp (D:6)
  An ufetubus (D:7)
  4 adder zombies
  2 adder skeletons (D:4)
  2 dart slugs (D:1)
  23 orcs
  4 endoplasms
  3 giant cockroaches
  5 goblins
  3 hobgoblins
  5 jackals (D:1)
  3 quokkas
  5 ball pythons
  2 bats (D:3)
  2 frilled lizards (D:1)
  3 jackal zombies (D:6)
  30 kobolds
  A quokka zombie (D:4)
  4 rats
261 creatures vanquished.

Vanquished Creatures (others)
  An orc wizard (D:6)
1 creature vanquished.

Grand Total: 262 creatures vanquished

Notes
Turn   | Place    | Note
-------+----------+-------------------------------------------
     0 | D:1      | jasper the Draconian Shapeshifter began the quest for the
                  | Orb.
     0 | D:1      | Reached XP level 1. HP: 16/16 MP: 1/1
   139 | D:1      | Reached XP level 2. HP: 25/25 MP: 2/2
   625 | D:1      | Reached XP level 3. HP: 27/31 MP: 3/3
   945 | D:2      | Got the Precepts of Arenous Doom
  1350 | D:2      | Reached XP level 4. HP: 18/41 MP: 4/4
  1652 | D:3      | Found Xubum's Distillery.
  1664 | D:3      | Bought a potion of curing for 39 gold pieces
  1664 | D:3      | Bought a potion of curing for 39 gold pieces
  1949 | D:3      | Bought a potion of lignification for 39 gold pieces
  2025 | D:3      | Reached skill level 5 in Fighting
  2311 | D:3      | Found a shimmering blue altar of Sif Muna.
  2495 | D:4      | Reached XP level 5. HP: 43/49 MP: 5/5
  2595 | D:4      | Found a sacrificial altar of Ru.
  2625 | D:4      | Became a worshipper of Ru the Awakened
  2751 | D:4      | Reached XP level 6. HP: 44/58 MP: 6/6
  3246 | D:4      | Your scales start taking on a rich purple colour.
  3246 | D:4      | Reached XP level 7. HP: 19/68 MP: 7/7
  4091 | D:5      | Entered Level 5 of the Dungeon
  4109 | D:5      | Gained mutation: You cannot study or use magical devices.
                  | [Ru sacrifice]
  4109 | D:5      | Reached * piety under Ru
  4109 | D:5      | Reached ** piety under Ru
  4147 | D:5      | Noticed Duvessa
  4148 | D:5      | Noticed Dowan
  4333 | D:5      | Killed Duvessa
  4334 | D:5      | Killed Dowan
  4600 | D:5      | Found a broken altar of Ashenzari.
  4867 | D:5      | Noticed Edmund
  4891 | D:5      | Killed Edmund
  4892 | D:5      | Reached skill level 10 in Fighting
  5320 | D:5      | Reached XP level 8. HP: 41/79 MP: 8/8
  5732 | D:6      | Found a staircase to the Ecumenical Temple.
  6028 | D:6      | Found Dyasch's Jewellery Shop.
  6425 | D:6      | Reached skill level 5 in Unarmed Combat
  6480 | D:6      | Found a transporter.
  6486 | D:6      | Found Houst's Jewellery Boutique.
  6488 | D:6      | Found a transporter.
  6573 | D:6      | Found Iphol's Distillery.
  6581 | D:6      | Bought a potion of curing for 30 gold pieces
  6581 | D:6      | Bought a potion of haste for 100 gold pieces
  6581 | D:6      | Bought a potion of heal wounds for 50 gold pieces
  6586 | D:6      | Found Isaimiyd's Assorted Antiques.
  6621 | D:6      | Found a shimmering altar of Xom.
  6671 | D:6      | Found Ywusmiav's Armour Boutique.
  6935 | D:6      | Found an ancient bone altar of Kikubaaqudgha.
  7277 | D:7      | Found a basalt altar of Yredelemnul.
  7324 | D:7      | Noticed a hornet
  7339 | D:7      | Paralysed by a hornet for 2 turns
  7348 | D:7      | Killed a hornet
  7355 | D:7      | Reached XP level 9. HP: 16/85 MP: 9/9
  7756 | D:7      | Identified the +5 glaive of Diet Blood {speed, rC- Will+
                  | Str+2}
  8095 | D:7      | Gained mutation: Your magical capacity is low. (-10% MP)
                  | [Ru sacrifice]
  8095 | D:7      | Reached *** piety under Ru
  8258 | D:8      | Reached skill level 10 in Unarmed Combat
  8261 | D:8      | Reached skill level 4 in Shapeshifting
  8462 | D:8      | Reached skill level 5 in Shapeshifting
  8936 | D:8      | Reached skill level 6 in Shapeshifting
  8949 | D:8      | Reached XP level 10. HP: 66/93 MP: 9/9
  9592 | D:9      | Found a staircase to the Lair.
  9618 | D:9      | Reached skill level 7 in Shapeshifting
  9785 | D:9      | Found an ornate altar of the Wu Jian Council.
  9787 | D:9      | Found a hazy altar of Hepliaklqana.
 10273 | D:9      | Reached skill level 8 in Shapeshifting
 10692 | D:10     | Entered Level 10 of the Dungeon
 10701 | D:10     | Reached skill level 9 in Shapeshifting
 10835 | D:10     | Gained mutation: You are somewhat inexperienced. (-1 XL)
                  | [Ru sacrifice]
 10835 | D:10     | Reached XP level 9. HP: 85/85 MP: 8/8
 10835 | D:10     | Reached **** piety under Ru
 10900 | D:10     | Reached skill level 10 in Shapeshifting
 11330 | D:10     | Reached XP level 10. HP: 82/93 MP: 9/9
 11375 | D:10     | Noticed Joseph
 11377 | D:10     | Noticed Lodul
 11390 | D:10     | Killed Joseph
 11395 | D:10     | Reached skill level 11 in Shapeshifting
 11418 | D:10     | Killed Lodul
 11557 | D:6      | Bought an amulet of regeneration for 360 gold pieces
 11860 | D:10     | Reached skill level 12 in Shapeshifting
 12223 | D:11     | Noticed Josephine
 12236 | D:11     | Killed Josephine
 12308 | D:11     | Reached skill level 13 in Shapeshifting
 12319 | D:11     | HP: 1/93 [yak (10)]
 12419 | D:11     | HP: 2/93 [cloud of flame (14)]
 12420 | D:11     | Engulfed by a cloud of flame

Illustrated notes

Levels and vault maps discovered:
D:1:      minmay_arrival_nine_rooms, layout_loops_ring, minmay_octomino_e4
D:2:      layout_loops_ring
D:3:      layout_basic, hellmonk_sif_muna_bookshelves, serial_shops, shop,
          minmay_randomly_rotated_circles
D:4:      layout_layer_cave, mainiacjoe_overflow_chevrons, serial_undead,
          serial_undead_a, serial_undead_a, serial_undead_b, serial_undead_c,
          serial_undead_f, kennysheep_generic_room_4
D:5:      layout_basic, lemuel_crystal_altar, nrook_loot_triangle,
          minmay_fountain_box, uniq_duvessa, uniq_edmund
D:6:      layout_loops_ring, lemuel_zombie_altar_kikubaaqudgha,
          marbit_many_paths, minmay_temple_entry_purple_smoke, serial_shops,
          nicolae_shop_drivethru, shop, nicolae_shop_gaudy_bauble, shop,
          nicolae_shop_scrapyard
D:7:      cheibrodos_quashed, layout_loops_cross, lemuel_round_altar,
          minmay_checkerbox
D:8:      layout_basic, hex_tiny, grunt_ministairs_15, hangedman_decor_push
D:9:      layout_loops_ring, nicolae_overflow_hidden_temple, lair_entry_dummy,
          uniq_gastronok
D:10:     layout_stronghold, uniq_lodul, uniq_joseph
D:11:     layout_irregular_city, orc_0_dummy, uniq_josephine

Skill      XL: |  1  2  3  4  5  6  7  8  9 10 |
---------------+-------------------------------+-----
Fighting       | 2 3 4 5 6 8 10 | 10.0
Unarmed Combat | 8 10 | 10.0
Shapeshifting  | 10 13 | 13.1
Dodging        | |  1.7

Action                     |  1- 3 |  4- 6 |  7- 9 | 10-12 || total
---------------------------+-------+-------+-------+-------++-------
  Melee: Unarmed           |   112 |   205 |   399 |   286 ||  1002
         Tailslap          |    14 |    34 |    62 |    61 ||   171
         Punch             |       |     3 |    18 |    15 ||    36
         Maw               |       |       |     1 |    56 ||    57
  Throw: Stone             |       |     3 |       |       ||     3
 Invoke: Sacrifice Artific |       |       |     1 |       ||     1
         Sacrifice Essence |       |       |     1 |       ||     1
         Sacrifice Experie |       |       |     1 |       ||     1
         Draw Out Power    |       |       |       |     1 ||     1
Ability: Breathe Dispellin |       |       |    46 |     8 ||    54
  Evoke: Wand              |       |     6 |       |       ||     6
    Use: Scroll            |     4 |     5 |     3 |     8 ||    20
         Potion            |       |       |     5 |     6 ||    11
   Stab: Sleeping          |     2 |     1 |       |       ||     3
         Invisible         |       |       |     1 |     2 ||     3
 Armour: Skin              |    49 |   139 |   221 |   167 ||   576
  Dodge: Dodged            |    61 |   127 |   187 |   132 ||   507
   Form: Maw               |       |       |     1 |       ||     1
         Flux              |       |       |       |     1 ||     1

Table legend: (Time is in decaauts)
 A = Elapsed time spent in this place.
 B = Non-inter-level travel time spent in this place.
 C = Inter-level travel time spent in this place.
 D = Time resting spent in this place.
 E = Time spent auto-exploring this place.
 F = Levels seen in this place.
 G = Mean time per level.
                   A        B        C        D        E       F      G
               +--------+--------+--------+--------+--------+-----+--------+
         Total |  12322 |  11816 |    506 |    823 |   8836 |  11 | 1120.2 |
       Dungeon |  12322 |  11816 |    506 |    823 |   8836 |  11 | 1120.2 |
               +--------+--------+--------+--------+--------+-----+--------+

Top non-repeatable levels by time:
     D:4: 1823 daAuts
     D:5: 1687 daAuts
     D:9: 1361 daAuts
     D:6: 1235 daAuts
     D:8: 1219 daAuts
    D:10: 1217 daAuts
     D:7: 1075 daAuts
     D:1: 902 daAuts
     D:3: 799 daAuts
     D:2: 703 daAuts
    D:11: 297 daAuts
